 Dungeon Crawl Stone Soup version 0.30.1-4-g462c640d31 (webtiles) character file.

Game seed: 12885926089135083601

23060 Wiggles the Severer (level 12, -13/169 HPs)
             Began as a Minotaur Berserker on Aug 11, 2023.
             Was a High Priest of Trog.
             Mangled by a deep troll earth mage (17 damage)
             ... on level 12 of the Dungeon.
             The game lasted 00:23:39 (11622 turns).

Wiggles the Severer (Minotaur Berserker)           Turns: 11622, Time: 00:23:39

Health: -13/169    AC: 20    Str: 31    XL:     12   Next: 68%
Magic:  0/11       EV: 10    Int:  4    God:    Trog [*****.]
Gold:   342        SH:  5    Dex: 12    Spells: 11/11 levels left

rFire   + . .        e - +0 broad axe (heavy)
rCold   + . .        a - +0 buckler
rNeg    . . .        K - +2 plate armour
rPois   .            (helmet restricted)
rElec   .            y - scarf {rC+ rF+}
rCorr   .            S - +2 pair of gloves
SInv    +            z - +2 pair of boots
Will    .....        i - amulet of guardian spirit Stlth
                     R - ring of see invisible
HPRegen 0.48/turn    p - +6 ring of strength
MPRegen 0.12/turn

%: guardian spirit
@: berserking (expiring), corroded, very quick
A: horns 2, retaliatory headbutt
a: Renounce Religion, Berserk, Trog's Hand, Brothers in Arms


You were on level 12 of the Dungeon.
You worshipped Trog.
Trog was extremely pleased with you.
You visited 1 branch of the dungeon, and saw 12 of its levels.
You also visited: Ice Cave.

You collected 900 gold pieces.
You spent 558 gold pieces at shops.

Inventory:

Hand Weapons
 e - a +0 heavy broad axe (weapon)
 F - a +1 war axe of flaming
 I - a +0 battleaxe of flaming
Armour
 a - a +0 buckler (worn)
 q - a +1 cloak of willpower
 y - a scarf of resistance (worn)
 z - a +2 pair of boots (worn)
 K - a +2 plate armour (worn)
 S - a +2 pair of gloves (worn)
Jewellery
 i - an amulet of guardian spirit (around neck)
 p - a +6 ring of strength (right hand)
 r - a ring of positive energy
 C - a ring of resist corrosion
 D - a ring of fire
 G - a ring of flight
 H - a ring of fire
 P - a ring of willpower
 R - a ring of see invisible (left hand)
Wands
 d - a wand of flame (17)
 u - a wand of charming (10)
 w - a wand of quicksilver (3)
 J - a wand of iceblast (7)
Scrolls
 c - 3 scrolls of identify
 g - 2 scrolls of fear
 k - 5 scrolls of immolation
 l - 2 scrolls of teleportation
 o - 4 scrolls of magic mapping
 x - 2 scrolls of butterflies
 A - 2 scrolls of amnesia
 M - a scroll of blinking
Potions
 b - 3 potions of lignification
 f - 3 potions of flight
 j - 7 potions of curing
 m - 2 potions of berserk rage
 n - a potion of heal wounds
 s - 3 potions of mutation
 t - 2 potions of resistance
 v - 2 potions of brilliance
 B - a potion of degeneration
 E - 2 potions of ambrosia
 L - 2 potions of attraction
 N - 2 potions of haste
 O - a potion of cancellation
Miscellaneous
 T - a phial of floods


   Skills:
 + Level 12.7 Fighting
 + Level 16.8 Axes
 + Level 12.0 Armour
 + Level 7.4 Dodging
 + Level 2.3 Stealth
 + Level 5.0 Shields


You had 11 spell levels left.
You didn't know any spells.
Your spell library was empty.

Dungeon Overview and Level Annotations

Branches:
Dungeon (12/15)            Temple (0/1) D:4            Lair (0/5) D:10
    Orc (0/2) D:11          IceCv (visited)

Altars:
Cheibriados
Dithmenos
Elyvilon
Gozag
Kikubaaqudgha
Makhleb
Nemelex Xobeh
Okawaru
Qazlal
Sif Muna
Vehumet
The Shining One

Shops:
D:5 *   D:7 =   D:11 **   D:12 *


Innate Abilities, Weirdness & Mutations

You have a pair of horns on your head.
You reflexively headbutt those who attack you in melee.


Message History

The deep elf pyromancer blinks!
The deep troll earth mage casts a spell next to you.
The wall shatters!
The blast of rock fragments hits you!!
* * * LOW HITPOINT WARNING * * *
The tengu reaver casts a spell at you. The bolt of cold misses you.
The brown ugly thing punches you but does no damage.
You barely miss the tengu reaver.
The tengu reaver is almost dead.
You carve the brown ugly thing like a ham!!!
You kill the brown ugly thing!
Trog accepts your kill.
You closely miss the deep troll earth mage.
You feel sick.
The deep troll earth mage bites you but does no damage.
The deep troll earth mage claws you but does no damage. x2
The tengu reaver hits you but does no damage.
The tengu reaver pecks you but does no damage.
The tengu reaver claws you.
* * * LOW HITPOINT WARNING * * *
You slice the tengu reaver!!
You kill the tengu reaver!
Trog accepts your kill.
Trog appreciates your killing of a magic user.
You hit the deep troll earth mage.
You feel sick.
You are no longer poisoned.
Your Armour skill increases to level 12!
Your Shields skill increases to level 5!
A slime creature comes into view.
The slime creature quivers.
The deep troll earth mage closely misses you.
The deep troll earth mage claws you.
* * * LOW HITPOINT WARNING * * *
The deep troll earth mage claws you but does no damage.
Things that are here:
a +0 great sword; a +3 ring mail of willpower; a tengu corpse You feel a strong urge to attack something.
A slime creature comes into view.
The deep troll earth mage bites you!
You die...

...................
......#####...#####
##.<..#(..#...#
#....#...'...#
#....#...#...#
#....#...#..>+
##....#...#...#####
......#...#....T..####J.
......#...#....)@.J.J...
#.....#####..###†#####.#
.....#..## ......#.##T#
.......##.Q##.#
######.#$##. .#.#
#.##.##/ ?# ## #? # ##


You could see 3 slime creatures and a deep troll earth mage.

Vanquished Creatures
  A tengu reaver (D:12)
  An azure jelly (IceCv)
  A quicksilver ooze (IceCv)
  Erica (D:9)
  2 boulder beetles
  The ghost of PhantomBowie the Fighter, a journeyman GrBe of Trog (D:10)
  3 two-headed ogres (D:10)
  A deep troll earth mage (D:12)
  The ghost of Zeor the Slasher, a novice DsBe of Trog (D:6)
  2 ugly things
  An ice statue (IceCv)
  An unseen horror (D:11)
  A komodo dragon (D:11)
  3 trolls
  2 hornets
  7 slime creatures (IceCv)
  A shadow (D:11)
  A wyvern (D:10)
  13 yaks
  11 vampire mosquitoes
  2 steam dragons
  A two-headed ogre zombie (D:11)
  3 water moccasins
  Duvessa (D:4)
  2 sky beasts
  3 great orb of eyes simulacra (IceCv)
  3 ice beasts
  4 orc warriors
  A black bear (D:6)
  5 centaurs
  5 ogres
  4 phantoms
  3 slime creature simulacra (IceCv)
  2 bullfrogs
  4 kobold brigands
  2 scorpions
  3 glowing shapeshifter simulacra (IceCv)
  A gnoll sergeant (D:6)
  9 wights
  Dowan (D:4)
  A hornet simulacrum (D:6)
  3 troll zombies (D:11)
  2 quasits (D:4)
  A gnoll bouda (D:8)
  2 jellies
  5 hounds
  3 orc priests
  Crazy Yiuf (D:4)
  A sleepcap (D:8)
  An iguana (D:6)
  11 orc wizards
  2 shapeshifter simulacra (IceCv)
  4 ogre zombies (D:11)
  Robin (D:3)
  15 gnolls
  12 adders
  4 shadow imps
  6 white imps
  4 ufetubi
  2 worms
  6 dart slugs
  27 orcs
  4 endoplasms
  A giant cockroach (D:4)
  10 goblins
  13 hobgoblins
  14 jackals
  3 quokkas
  12 ball pythons
  5 bats (D:2)
  6 frilled lizards
  3 goblin skeletons (D:11)
  2 goblin zombies (D:11)
  A hobgoblin zombie (D:11)
  27 kobolds
  3 orc skeletons (D:11)
  16 orc zombies (D:11)
  7 rats
355 creatures vanquished.

Vanquished Creatures (collateral kills)
  A wolf spider (D:10)
  7 slime creatures (IceCv)
  A slime creature simulacrum (IceCv)
9 creatures vanquished.

Vanquished Creatures (others)
  An orc wizard (D:10)
1 creature vanquished.

Grand Total: 365 creatures vanquished

Notes
Turn   | Place    | Note
-------+----------+-------------------------------------------
     0 | D:1      | Wiggles the Minotaur Berserker began the quest for the Orb.
     0 | D:1      | Reached XP level 1. HP: 19/19 MP: 0/0
   102 | D:1      | Reached XP level 2. HP: 27/27 MP: 1/1
   161 | D:1      | Reached skill level 4 in Axes
   725 | D:1      | Reached ** piety under Trog
   862 | D:2      | Reached XP level 3. HP: 33/33 MP: 2/2
  1077 | D:2      | Reached XP level 4. HP: 36/41 MP: 3/3
  1614 | D:3      | Found a faded altar of an unknown god.
  1691 | D:3      | Noticed a phantom
  1709 | D:3      | Killed a phantom
  1710 | D:3      | Reached skill level 5 in Fighting
  1710 | D:3      | Reached skill level 5 in Axes
  1710 | D:3      | Reached XP level 5. HP: 30/48 MP: 2/4
  2269 | D:3      | Noticed Robin
  2279 | D:3      | Reached *** piety under Trog
  2288 | D:3      | Killed Robin
  2289 | D:3      | Reached skill level 1 in Stealth
  2619 | D:4      | Reached XP level 6. HP: 44/56 MP: 3/5
  2703 | D:4      | Found a burning altar of Makhleb.
  2714 | D:4      | Found a shadowy altar of Dithmenos.
  2767 | D:4      | Reached skill level 6 in Axes
  2892 | D:4      | Reached XP level 7. HP: 16/61 MP: 3/6
  3182 | D:4      | Reached skill level 7 in Axes
  3463 | D:4      | Reached skill level 5 in Dodging
  3467 | D:4      | Noticed Duvessa
  3474 | D:4      | Reached **** piety under Trog
  3481 | D:4      | Killed Duvessa
  3496 | D:4      | Reached XP level 8. HP: 59/71 MP: 7/7
  3507 | D:4      | Noticed Dowan
  3518 | D:4      | Killed Dowan
  3590 | D:4      | Found a staircase to the Ecumenical Temple.
  3627 | D:4      | Found a runed translucent door.
  3628 | D:4      | Noticed Crazy Yiuf
  3705 | D:4      | Killed Crazy Yiuf
  3885 | D:5      | Entered Level 5 of the Dungeon
  3894 | D:5      | Reached skill level 5 in Armour
  3974 | D:5      | Found an ancient bone altar of Kikubaaqudgha.
  4071 | D:5      | Reached skill level 8 in Axes
  4117 | D:5      | Found Ylimed's Elemental Accessories.
  4125 | D:5      | Bought a wand of flame (6) for 54 gold pieces
  4222 | D:5      | Found a shimmering blue altar of Sif Muna.
  4403 | D:5      | Found a sparkling altar of Nemelex Xobeh.
  4823 | D:6      | Found a runed translucent gate.
  4823 | D:6      | Found a runed translucent gate.
  4823 | D:6      | Found a runed translucent gate.
  4834 | D:6      | Reached skill level 9 in Axes
  4863 | D:6      | Noticed Zeor's ghost (novice DsBe)
  5068 | D:6      | Found an iron altar of Okawaru.
  5079 | D:6      | Reached XP level 9. HP: 67/81 MP: 8/8
  5168 | D:6      | Found a white marble altar of Elyvilon.
  5292 | D:6      | Reached skill level 10 in Axes
  5443 | D:6      | Found an opulent altar of Gozag.
  5590 | D:6      | Killed Zeor's ghost
  5712 | D:7      | Reached ***** piety under Trog
  5762 | D:7      | Reached skill level 11 in Axes
  5930 | D:7      | Reached skill level 1 in Shields
  5966 | D:7      | Found Vehepp's Jewellery Boutique.
  6043 | D:7      | Identified the +1 flail of Prudence {drain, Fragile Int+4}
  6110 | D:7      | Found a stormy altar of Qazlal.
  6467 | D:8      | Received a gift from Trog
  6487 | D:8      | Reached XP level 10. HP: 81/91 MP: 9/9
  6678 | D:8      | Identified the +4 falchion "Qonku" {drain, Will+ MP-9
                  | Stlth+}
  6918 | D:8      | Found a radiant altar of Vehumet.
  7217 | D:9      | Noticed Erica
  7234 | D:9      | Killed Erica
  7235 | D:9      | Reached skill level 12 in Axes
  7544 | D:9      | Reached skill level 10 in Fighting
  7694 | D:9      | Paralysed by a hornet for 2 turns
  7779 | D:7      | Bought a +6 ring of strength for 504 gold pieces
  8005 | D:9      | Found a glowing golden altar of the Shining One.
  8322 | D:10     | Entered Level 10 of the Dungeon
  8357 | D:10     | Noticed a two-headed ogre
  8364 | D:10     | Killed a two-headed ogre
  8365 | D:10     | Reached skill level 13 in Axes
  8456 | D:10     | Found a large runed translucent door.
  8457 | D:10     | Found a large runed translucent door.
  8768 | D:10     | Noticed a two-headed ogre
  8768 | D:10     | Noticed a white ugly thing
  8769 | D:10     | Noticed a two-headed ogre
  8781 | D:10     | Reached XP level 11. HP: 94/101 MP: 8/10
  8784 | D:10     | Killed a two-headed ogre
  8790 | D:10     | Killed a white ugly thing
  8794 | D:10     | Killed a two-headed ogre
  8808 | D:10     | Noticed a wolf spider
  8809 | D:10     | Reached skill level 14 in Axes
  8816 | D:10     | Paralysed by a hornet for 1 turns
  8825 | D:10     | Killed a wolf spider
  9179 | D:10     | Reached skill level 10 in Armour
  9278 | D:10     | Noticed PhantomBowie's ghost (journeyman GrBe)
  9297 | D:10     | Killed PhantomBowie's ghost
  9334 | D:10     | Found a staircase to the Lair.
  9450 | D:10     | Found a snail-covered altar of Cheibriados.
  9545 | D:11     | Noticed a boulder beetle
  9556 | D:11     | Found a frozen archway.
  9565 | D:11     | Killed a boulder beetle
  9635 | D:11     | Reached skill level 15 in Axes
  9680 | IceCv    | Entered an ice cave
 10183 | IceCv    | Reached XP level 12. HP: 54/112 MP: 7/11
 10320 | IceCv    | Noticed a quicksilver ooze
 10329 | IceCv    | Killed a quicksilver ooze
 10334 | IceCv    | Found a viscous altar of Jiyva.
 10334 | IceCv    | Noticed an azure jelly
 10342 | IceCv    | Killed an azure jelly
 10738 | D:11     | Found Duafofom's General Store.
 10741 | D:11     | Found Puxeesm's Specific Store.
 10780 | D:11     | Reached skill level 16 in Axes
 10981 | D:11     | Found a staircase to the Orcish Mines.
 11039 | D:11     | Found Xivir's General Store.
 11532 | D:12     | Found Jenein's Assorted Antiques.
 11594 | D:12     | Noticed a deep troll earth mage
 11594 | D:12     | Noticed a tengu reaver
 11595 | D:12     | Noticed a boulder beetle
 11595 | D:12     | Noticed a deep troll earth mage
 11604 | D:12     | Killed a boulder beetle
 11616 | D:12     | Killed a deep troll earth mage
 11618 | D:12     | HP: 6/169 [deep troll earth mage/blast of rock fragments
                  | (17)]
 11620 | D:12     | Killed a tengu reaver
 11621 | D:12     | Reached skill level 5 in Shields
 11622 | D:12     | Mangled by a deep troll earth mage

Illustrated notes

Levels and vault maps discovered:
D:1:      dpeg_arrival_line_fractal, layout_basic, chequers_decorated_corner
D:2:      layout_loops_ring, chequers_serial_rivers_room_b
D:3:      layout_loops_ring, chequers_ecumenical_altar_grove,
          chequers_serial_rivers_room_a, st_stairs_5, uniq_robin
D:4:      layout_loops_ring, amethyst_overflow_temple_binary, temple_doors_e,
          serial_demonic, serial_demonic_a, serial_demonic_e, serial_demonic_g,
          serial_demonic_d, serial_demonic_g, dreamdust_gnoll_farm,
          uniq_crazy_yiuf_cottage, uniq_duvessa
D:5:      layout_rooms, overflow_temple_1_default, general_overflow_altar,
          serial_glass, glass_columns_a, glass_columns_a, glass_columns_a,
          glass_columns_c, glass_columns_c, glass_columns_a, glass_columns_a,
          glass_columns_b, glass_columns_c, glass_columns_a, glass_columns_c,
          glass_columns_a, glass_columns_c, glass_columns_c, kennysheep_diamond,
          nicolae_elemental_shop
D:6:      layout_loops_ring, okawaru_metal_pillars_1_2,
          mainiacjoe_overflow_cross_hatched,
          mainiacjoe_overflow_six_doors_small, gammafunk_ghost_icy
D:7:      layout_basic, amcnicky_altar_gilded, serial_shops,
          nicolae_shop_gaudy_bauble, serial_glass, glass_columns_a,
          glass_columns_b, glass_columns_a, glass_columns_c
D:8:      layout_loops_ring, vehumet_crystals
D:9:      layout_gridville, nicolae_tso_swordbearing_angel,
          nicolae_two_hexagons, uniq_erica
D:10:     cheibrodos_barr_body, layout_long_grid, slow_altar_2,
          dpeg_oklobed_lair, ebering_ghost_disaster_area
D:11:     layout_cave_pods, zombieorc2_lemuel, portal_ice_cave_entry_pillars_1,
          serial_shops, shop, minmay_misc_feat_roman, nicolae_specific_store,
          minmay_strange_pillars
D:12:     minmay_glassy_protrusions, layout_irregular_city,
          muffindrake_ghost_dual_entry, serial_shops, shop

Skill      XL: |  1  2  3  4  5  6  7  8  9 10 11 12 |
---------------+-------------------------------------+-----
Fighting       | 4 5 6 7 9 10 11 12 | 12.7
Axes           | 4 5 6 7 9 11 13 15 16 | 16.8
Dodging        | 3 4 5 6 7 |  7.4
Stealth        | 1 2 |  2.3
Armour         | 3 4 5 6 9 10 12 | 12.0
Shields        | 1 2 4 5 |  5.0

Action                     |  1- 3 |  4- 6 |  7- 9 | 10-12 || total
---------------------------+-------+-------+-------+-------++-------
  Melee: Hand axe          |    62 |   102 |   211 |       ||   375
         Headbutt          |     8 |    21 |    52 |    46 ||   127
         Punch             |       |       |     2 |       ||     2
         War axe           |       |       |    92 |     9 ||   101
         Broad axe         |       |       |       |   270 ||   270
 Invoke: Berserk           |       |     3 |     4 |     9 ||    16
         Brothers in Arms  |       |       |       |     4 ||     4
    Use: Scroll            |       |       |    21 |    10 ||    31
         Potion            |       |       |       |     5 ||     5
   Stab: Sleeping          |       |     1 |       |       ||     1
 Armour: Animal skin       |    26 |    15 |       |       ||    41
         Ring mail         |       |    31 |   125 |    40 ||   196
         Plate armour      |       |       |       |   231 ||   231
  Dodge: Dodged            |    52 |   107 |   219 |   167 ||   545
  Block: Buckler           |       |       |    17 |    71 ||    88
